 Dungeon Crawl Stone Soup version 0.26.0-90-g5fd8617961 (webtiles) character file.

Game seed: 3775082774384518802

142 DasRunzen the Poker (level 5, -2/41 HPs)
             Began as a Demonspawn Gladiator on Feb 2, 2021.
             Killed by divine providence
             ... invoked by an orc priest
              (8 damage)
             ... on level 4 of the Dungeon.
             The game lasted 00:04:28 (3265 turns).

DasRunzen the Poker (Demonspawn Gladiator)          Turns: 3265, Time: 00:04:29

Health: -2/41      AC:  6    Str: 15    XL:     5   Next: 3%
Magic:  5/5        EV: 13    Int:  9    God:
Gold:   200        SH:  0    Dex: 15    Spells: 4/4 levels left

rFire    . . .     SeeInvis .   a - +1 trident
rCold    . . .     Faith    .   (no shield)
rNeg     . . .     Spirit   .   b - +1 leather armour
rPois    +         Reflect  .   f - +2 hat
rElec    .         Harm     .   (no cloak)
rCorr    .         Rampage  .   (no gloves)
Will     .....                  (no boots)
Stlth    +.........             k - amulet of magic regeneration
HPRegen  0.13/turn              c - ring of poison resistance
MPRegen  0.34/turn              (no ring)

@: no status effects
A: horns 2, powered by pain 2
a: no special abilities


You were on level 4 of the Dungeon.
You visited 1 branch of the dungeon, and saw 4 of its levels.

You collected 200 gold pieces.

Inventory:

Hand Weapons
 a - a +1 trident (weapon)
Missiles
 d - 4 throwing nets (quivered)
Armour
 b - a +1 leather armour (worn)
 f - a +2 hat (worn)
Jewellery
 c - a ring of poison resistance (left hand)
 k - an amulet of magic regeneration (around neck)
Scrolls
 e - 2 scrolls of fear
 g - a scroll of amnesia
 h - a scroll of remove curse
 n - a scroll of teleportation
Potions
 j - 2 potions of haste
 l - 2 potions of curing


   Skills:
 + Level 3.1 Fighting
 + Level 3.5 Polearms
 - Level 1.7 Throwing
 + Level 1.9 Armour
 + Level 3.4 Dodging


You had 4 spell levels left.
You didn't know any spells.
Your spell library was empty.

Dungeon Overview and Level Annotations

Branches:
Dungeon (4/15)
 Temple: D:4-7

Altars:


Innate Abilities, Weirdness & Mutations

You have a pair of horns on your head.
You sometimes gain power by taking damage.


Message History

A puff of frost appears from out of thin air!
The puff of frost hits you!
The orc priest miscasts a cantrip.
You are too injured to fight recklessly!
You are too injured to fight recklessly!
You miss something. Something barely misses you.
Something hits you but does no damage.
You hit something but do no damage. Something hits you but does no damage.
Something hits you.
* * * LOW HITPOINT WARNING * * *
You hit something. Something hits you but does no damage.
The orc priest looks satisfied for a moment.
You barely miss something. Something hits you.
* * * LOW HITPOINT WARNING * * *
You closely miss something. Something hits you but does no damage.
Something hits you.
* * * LOW HITPOINT WARNING * * *
The orc priest invokes the aid of Beogh against you.
Beogh smites you!
You die...

#### #......#
#... #......#
#... #......#
#... #......#
#... #......#
#... #......#
#...
#########o.....#
#...
..!....@{o.....##
##.#
#########.......#
#.# #######.# #.#
# #.## #.#
....#..#####.#
...............
.....##.####.##
.(... #.# #..[
#### #.. #.##


You could see an orc priest and an orc.

Vanquished Creatures
  Robin (D:1)
  4 adders
  2 oozes (D:1)
  3 worms
  A dart slug (D:2)
  3 leopard geckos
  2 orcs (D:4)
  5 bats
  3 giant cockroaches
  16 goblins
  8 hobgoblins
  4 jackals (D:3)
  7 kobolds
  A quokka (D:3)
  A ball python (D:1)
  2 frilled lizards
  A rat (D:1)
64 creatures vanquished.

Notes
Turn   | Place    | Note
-------+----------+-------------------------------------------
     0 | D:1      | DasRunzen the Demonspawn Gladiator began the quest for the
                  | Orb.
     0 | D:1      | Reached XP level 1. HP: 16/16 MP: 1/1
   256 | D:1      | Gained mutation: You sometimes gain a little power by
                  | taking damage. [demonic ancestry]
   256 | D:1      | Reached XP level 2. HP: 22/22 MP: 2/2
   781 | D:1      | Reached skill level 1 in Armour
   825 | D:1      | Gained mutation: You have a pair of small horns on your
                  | head. [demonic ancestry]
   825 | D:1      | Reached XP level 3. HP: 28/28 MP: 3/3
  1035 | D:2      | Noticed Robin
  1150 | D:1      | Killed Robin
  1456 | D:2      | Gained mutation: You have a pair of horns on your head.
                  | [demonic ancestry]
  1456 | D:2      | Reached XP level 4. HP: 26/34 MP: 4/4
  3040 | D:4      | Gained mutation: You sometimes gain power by taking damage.
                  | [demonic ancestry]
  3040 | D:4      | Reached XP level 5. HP: 31/41 MP: 5/5
  3265 | D:4      | Killed from afar by an orc priest

Illustrated notes

Levels and vault maps discovered:
D:1:      scummos_arrival_simple_fountains, layout_loops_corners
D:2:      layout_basic, uniq_robin
D:3:      layout_loops_ring
D:4:      layout_basic, enter_ossuary_1

Skill      XL: |  1  2  3  4 |
---------------+-------------+-----
Polearms       | 3 |  3.5
Dodging        | 3 |  3.4
Armour         | 1 |  1.9
Fighting       | 3 |  3.1
Throwing       | |  1.7

Action                   |  1- 3 |  4- 6 || total
-------------------------+-------+-------++-------
Melee: Trident           |    85 |   115 ||   200
       Headbutt          |     5 |    17 ||    22
  Use: Scroll            |     7 |     5 ||    12
Armor: Leather armour    |    21 |    30 ||    51
Dodge: Dodged            |    64 |    73 ||   137
